[Event "Germany Countries-chT Youth 2022"]
[Site "Wiesbaden"]
[Date "2022.10.02"]
[Round "4"]
[White "Prinzen, Siri Marleen"]
[Black "Trunz, Michelle"]
[Result "1/2-1/2"]
[ECO "A80"]
[WhiteElo "1719"]
[BlackElo "1821"]
[Annotator "NA RC COMBH"]
[PlyCount "136"]
[EventDate "2022.09.28"]
[EventType "team-tourn"]
[EventRounds "7"]
[EventCountry "GER"]
[SourceTitle "playchess.com"]
[Source "ChessBase"]
[SourceQuality "1"]
[TimeControl "40/5400+30:1800+30"]

1. d4 f5 2. h3 Nf6 3. g4 d5 4. Nc3 fxg4 5. Bf4 c5 6. e3 Nc6 7. Nb5 Kf7 8. Nc3 (8. Nc7 $5 cxd4 9. exd4 $11 (9. Nxa8 $2 {is the wrong capture.} e5 $19)) 8... Bf5 9. hxg4 Bxg4 10. f3 Bf5 11. Bd3 Bxd3 12. Qxd3 cxd4 13. exd4 Qb6 14. O-O-O Nb4 15. Qe3 ({Much weaker is} 15. Qf5 $6 e6 16. Qh3 Rc8 $15) 15... Qe6 16. Qxe6+ Kxe6 17. Nh3 Kd7 18. Ng5 g6 (18... Nc6 $11 {was preferrable.}) 19. Be5 h6 20. Nh3 Bg7 21. a3 Nc6 22. Nxd5 Rhg8 23. Bxf6 Bxf6 24. Nxf6+ exf6 25. Nf4 h5 26. Rhg1 Ne7 $1 27. Rg2 (27. d5 $11) 27... h4 28. Nd3 b6 29. Rh2 Nf5 30. Nf4 Rae8 31. Nd5 Re6 32. Nf4 Rd6 33. c3 g5 34. Ng2 Re6 35. Rd2 Rge8 36. f4 Ng3 37. Rh3 Re2 (37... Ne2+ $142 38. Kd1 Ng1) 38. Rxe2 Rxe2 39. Nxh4 gxh4 40. Rxh4 f5 41. Rh3 Re3 42. Kd1 b5 43. Rh7+ Re7 44. Rh6 Kc7 45. Rg6 Ne4 ({Black should try} 45... Nf1 $19 46. a4 Ne3+ 47. Kc1 bxa4) 46. Rh6 (46. a4 $17) 46... Nd6 47. b3 Re3 48. Kd2 Rf3 49. Rh7+ Kb6 50. Rh6 {[%emt 0:00:00] [#]} Kc6 $1 51. c4 bxc4 ({And not} 51... Rxf4 52. d5+ Kd7 53. c5 $15) 52. bxc4 Rxf4 53. Ke3 Re4+ 54. Kd3 Kd7 55. a4 Re6 56. Rh7+ Re7 57. Rh6 (57. Rh4 $142) 57... Rg7 58. Kc3 a5 59. c5 Rg3+ 60. Kc2 Nc4 $2 (60... Ne4 61. Rh5 Kc6 62. Rxf5 Rc3+ 63. Kd1 Rd3+ 64. Kc2 Rxd4) 61. d5 {Not} Ne3+ $2 62. Kd2 $19 {[%emt 0:00:00] [#]} Nc4+ $2 ({Not} 62... Nxd5 63. Rd6+ Kc7 64. Rxd5 $11) (62... f4 $1 $19 63. Rh7+ Ke8) 63. Kc2 $1 f4 64. Rh7+ Kd8 65. Rh8+ $1 Kd7 $11 (65... Ke7 $5 66. d6+ $8 Ke6 67. Rh6+ Kd7 68. Rh7+ Ke6 69. Rh6+ Kf7 70. Rh7+ Ke6 71. Rh6+ $11) 66. Rh7+ $1 {[%emt 0:00:00] [#]} Ke8 $1 67. d6 Ne3+ $2 (67... f3 $19 68. Re7+ Kf8) 68. Kd2 $2 (68. Kd3 $11) 68... Nc4+ $2 (68... Nf5 $19 69. Rh5 Nd4) 1/2-1/2

[Event "Germany Countries-chT Youth 2022"]
[Site "Wiesbaden"]
[Date "2022.10.02"]
[Round "4"]
[White "Braun, Julian"]
[Black "Mueller, Sophie Charlotte"]
[Result "1-0"]
[ECO "B01"]
[WhiteElo "1715"]
[BlackElo "1435"]
[Annotator "NA RC COMBH"]
[PlyCount "49"]
[EventDate "2022.09.28"]
[EventType "team-tourn"]
[EventRounds "7"]
[EventCountry "GER"]
[SourceTitle "playchess.com"]
[Source "ChessBase"]
[SourceQuality "1"]
[TimeControl "40/5400+30:1800+30"]

1. e4 d5 2. exd5 Qxd5 3. Nc3 Qa5 4. d4 c6 5. Nf3 Nf6 6. Bc4 Bf5 7. O-O e6 8. Re1 Bd6 9. Ne5 O-O 10. Bf4 Bb4 11. Rb1 Nd5 12. Bd2 Nxc3 13. bxc3 Bxc3 14. Bxc3 Qxc3 15. Rxb7 Qxc2 16. Qxc2 Bxc2 17. Nxf7 Bf5 18. Nd6 Kh8 19. Nxf5 Rxf5 20. Rxe6 Nd7 21. Rxd7 Rb8 22. g3 Rbf8 23. Ree7 Rg5 24. h4 Rg4 25. Be6 1-0

[Event "Germany Countries-chT Youth 2022"]
[Site "Wiesbaden"]
[Date "2022.10.02"]
[Round "4"]
[White "Yue, Qizhou"]
[Black "Buchinger, Alexis"]
[Result "1/2-1/2"]
[ECO "C45"]
[WhiteElo "1711"]
[BlackElo "1802"]
[Annotator "NA RC COMBH"]
[PlyCount "108"]
[EventDate "2022.09.28"]
[EventType "team-tourn"]
[EventRounds "7"]
[EventCountry "GER"]
[SourceTitle "playchess.com"]
[Source "ChessBase"]
[SourceQuality "1"]
[TimeControl "40/5400+30:1800+30"]

1. e4 e5 2. Nf3 Nc6 3. d4 exd4 4. Nxd4 Nf6 5. Nxc6 bxc6 6. e5 Qe7 7. Qe2 Nd5 8. h4 a5 9. c4 Ba6 10. Nd2 h6 $14 (10... g6 $11 {might be stronger.}) 11. Qe4 Nb6 (11... Nb4 $5 ) 12. Bd3 (12. b3 $142) 12... Rb8 13. b3 Bb7 14. Bb2 d5 15. Qg4 Bc8 16. Qg3 Be6 17. cxd5 cxd5 18. O-O g5 19. h5 Bg7 20. f4 Rg8 $2 (20... Na4 {was necessary.}) 21. f5 Bd7 22. Rac1 Qd8 23. Ba3 c6 24. f6 Bf8 25. Bxf8 Kxf8 26. e6 Bxe6 27. Rxc6 Rc8 28. Rxc8 Nxc8 29. Kh1 g4 30. Qe3 Rg5 31. Bg6 fxg6 32. Qxe6 Rxh5+ 33. Kg1 Qb6+ 34. Qxb6 Nxb6 35. Rf4 Rf5 36. Rxg4 Rxf6 37. Nf3 (37. a4 $15) 37... Ke7 38. Kf2 Kd6 39. Ke3 g5 40. Kd4 $2 (40. Kd2 $17) 40... Nc8 41. Ke3 Ne7 42. Ra4 Nc6 43. g3 (43. a3 $17 {keeps fighting.}) 43... Kc5 44. a3 {[%emt 0:02:37] [#]} Rf7 $2 (44... Rxf3+ $1 45. Kxf3 Nd4+ 46. Ke3 Nxb3) 45. Ne1 Re7+ 46. Kd2 Re4 $2 (46... h5 $19 {and Black stays clearly on top.} 47. Nf3 d4 48. Nxg5 Re3 49. Rc4+ Kd5) 47. Nd3+ (47. Rxe4 $17 dxe4 48. Nc2) 47... Kb5 $2 (47... Kd6 $19 48. Rxe4 dxe4) 48. Rxe4 dxe4 49. Nf2 Nd4 50. b4 $1 a4 51. Nxe4 Kc4 52. Nc5 Nb5 (52... Nb3+ $2 53. Nxb3 axb3 54. g4 $18) 53. Nxa4 Nxa3 54. Ke2 Kxb4 1/2-1/2

[Event "Germany Countries-chT Youth 2022"]
[Site "Wiesbaden"]
[Date "2022.10.02"]
[Round "4"]
[White "Keymer, Cecilia"]
[Black "Bezsonna, Polina"]
[Result "1/2-1/2"]
[ECO "A56"]
[WhiteElo "1696"]
[BlackElo "1649"]
[Annotator "NA RC COMBH"]
[PlyCount "97"]
[EventDate "2022.09.28"]
[EventType "team-tourn"]
[EventRounds "7"]
[EventCountry "GER"]
[SourceTitle "playchess.com"]
[Source "ChessBase"]
[SourceQuality "1"]
[TimeControl "40/5400+30:1800+30"]

1. d4 Nf6 2. c4 c5 3. Nf3 g6 4. Nc3 cxd4 5. Nxd4 Nc6 6. Nc2 Bg7 7. g3 O-O 8. Bg2 d6 9. O-O Ne8 10. Nd5 e6 11. Nf4 f5 12. Rb1 g5 13. Nh5 Bh8 14. b3 h6 15. Bb2 Bxb2 16. Rxb2 Qe7 17. h3 e5 18. Bd5+ Kh8 19. e4 f4 20. g4 Nc7 21. Qd3 Bd7 22. Rd1 Rad8 23. b4 b6 24. Rb3 Nb8 25. b5 Nxd5 26. Qxd5 Be6 27. Qd3 Bf7 28. Qe2 Rd7 29. Nb4 Bxh5 30. gxh5 Qf7 31. Kg2 Qe6 32. Nd5 Rg8 33. Qg4 Qxg4+ 34. hxg4 Rc8 35. Rc3 Kg7 36. Kf3 Kf7 37. Ke2 Ke6 38. Kd3 Rdd8 39. Ra3 Rd7 40. Rb1 Rb7 41. f3 Nd7 42. Kc3 Nb8 43. Kb4 Nd7 44. Rd1 Rd8 45. Rad3 Nb8 46. Kb3 Rbd7 47. Kb4 Rb7 48. Kb3 Rbd7 49. Kb4 1/2-1/2

[Event "Germany Countries-chT Youth 2022"]
[Site "Wiesbaden"]
[Date "2022.10.02"]
[Round "4"]
[White "Haug, Mara"]
[Black "Wilmink, Anna"]
[Result "0-1"]
[ECO "C26"]
[WhiteElo "1611"]
[BlackElo "1702"]
[Annotator "NA RC COMBH"]
[PlyCount "66"]
[EventDate "2022.09.28"]
[EventType "team-tourn"]
[EventRounds "7"]
[EventCountry "GER"]
[SourceTitle "playchess.com"]
[Source "ChessBase"]
[SourceQuality "1"]
[TimeControl "40/5400+30:1800+30"]

1. e4 e5 2. Nc3 Nf6 3. g3 d5 4. exd5 Nxd5 5. Bg2 Nxc3 6. bxc3 Nc6 7. Bb2 Be6 8. d4 Bd5 9. f3 Qe7 10. Qe2 Qe6 11. Bh3 f5 12. Bf1 b5 13. Qe3 a6 14. Bd3 Bd6 15. a4 Rb8 16. axb5 axb5 17. Qe2 Bc4 18. Nh3 h6 19. Nf2 O-O 20. O-O Qd5 21. Qe3 exd4 22. cxd4 Rbe8 23. Bxc4 bxc4 24. Qd2 Qxf3 25. Rae1 Rxe1 26. Rxe1 f4 27. g4 Qd5 28. c3 f3 29. Qe3 Bf4 30. Qe6+ Qxe6 31. Rxe6 Rb8 32. Rxc6 Rxb2 33. Rxc4 Rb1+ 0-1

[Event "Germany Countries-chT Youth 2022"]
[Site "Wiesbaden"]
[Date "2022.10.02"]
[Round "4"]
[White "Woerz, Ann-Sophie"]
[Black "Mukazhanov, Mansur"]
[Result "0-1"]
[ECO "A15"]
[WhiteElo "1607"]
[BlackElo "1319"]
[Annotator "NA RC COMBH"]
[PlyCount "130"]
[EventDate "2022.09.28"]
[EventType "team-tourn"]
[EventRounds "7"]
[EventCountry "GER"]
[SourceTitle "playchess.com"]
[Source "ChessBase"]
[SourceQuality "1"]
[TimeControl "40/5400+30:1800+30"]

1. c4 Nf6 2. g3 e6 3. Bg2 c5 4. Nf3 Nc6 5. O-O Be7 6. a3 O-O 7. d3 b6 8. Nc3 Bb7 9. Rb1 d5 10. cxd5 Nxd5 11. Bf4 Bd6 12. Bg5 f6 13. Bc1 Nce7 14. Nb5 Bb8 15. d4 a6 16. Nc3 c4 17. a4 Qd7 18. Bd2 b5 19. b3 Bc6 20. bxc4 bxc4 21. Qc2 Ba7 22. a5 Rac8 23. e3 Nxc3 24. Qxc3 Bb5 25. Rfc1 Rc7 26. Ne1 Rfc8 27. Nc2 Nd5 28. Qa3 c3 29. Be1 Bd3 30. Rb3 Rb7 31. Rxb7 Qxb7 32. e4 Qb2 33. exd5 Bxc2 34. Qa1 Bxd4 35. dxe6 Qxa1 36. Rxa1 Bb3 37. Bxc3 Bxc3 38. Rc1 Bxe6 39. Bb7 Rc7 40. Bxa6 Bxa5 41. Rxc7 Bxc7 42. Kg2 Kf7 43. Kf3 h5 44. Ke4 g5 45. h4 g4 46. Bd3 f5+ 47. Ke3 Kf6 48. Ba6 Bd5 49. Bb5 Bf3 50. Kd2 Ba5+ 51. Ke3 Bb6+ 52. Kf4 Bxf2 53. Be8 Be1 54. Ke3 Bxg3 55. Bxh5 Bxh4 56. Kf4 Bg5+ 57. Kg3 f4+ 58. Kf2 Bh4+ 59. Kf1 Kg5 60. Be8 g3 61. Bd7 Be4 62. Bh3 f3 63. Bg2 Kg4 64. Bh1 Bd3+ 65. Kg1 f2+ 0-1

[Event "Germany Countries-chT Youth 2022"]
[Site "Wiesbaden"]
[Date "2022.10.02"]
[Round "4"]
[White "Neininger, Sarah"]
[Black "Richter, Johanna"]
[Result "0-1"]
[ECO "B24"]
[WhiteElo "1589"]
[BlackElo "1355"]
[Annotator "NA RC COMBH"]
[PlyCount "100"]
[EventDate "2022.09.28"]
[EventType "team-tourn"]
[EventRounds "7"]
[EventCountry "GER"]
[SourceTitle "playchess.com"]
[Source "ChessBase"]
[SourceQuality "1"]
[TimeControl "40/5400+30:1800+30"]

1. e4 c5 2. Nc3 Nc6 3. Bb5 Nd4 4. Bc4 e6 5. Nge2 Nxe2 6. Qxe2 a6 7. a4 Be7 8. O-O d6 9. d3 Nf6 10. f4 O-O 11. Qf3 Rb8 12. e5 dxe5 13. fxe5 Nd7 14. Bf4 Nb6 15. Bb3 Bd7 16. Kh1 Bc6 17. Qg3 Re8 18. Bh6 Bf8 19. Rxf7 Re7 20. Rxe7 Qxe7 21. Rf1 Kh8 22. Bxe6 g6 23. Rxf8+ Rxf8 24. Bxf8 Qxf8 25. h3 Nxa4 26. Nxa4 Bxa4 27. b3 Bc6 28. Bg4 Qe7 29. e6 Qf6 30. Qe1 h5 31. Bd1 Qg5 32. Qf1 Qe7 33. Qf7 Qxf7 34. exf7 Kg7 35. Kg1 Kxf7 36. Kf2 Kf6 37. Bf3 Bxf3 38. Kxf3 Kf5 39. g4+ hxg4+ 40. hxg4+ Ke5 41. c3 g5 42. Ke3 a5 43. d4+ cxd4+ 44. cxd4+ Kd5 45. Kd3 b5 46. Kc3 Ke4 47. Kd2 Kxd4 48. Kc2 a4 49. bxa4 bxa4 50. Kb2 Ke4 0-1

[Event "Germany Countries-chT Youth 2022"]
[Site "Wiesbaden"]
[Date "2022.10.02"]
[Round "4"]
[White "Trunz, Tamila"]
[Black "Schwarzfischer, Julia"]
[Result "1-0"]
[ECO "C50"]
[WhiteElo "1521"]
[BlackElo "1256"]
[Annotator "NA RC COMBH"]
[PlyCount "110"]
[EventDate "2022.09.28"]
[EventType "team-tourn"]
[EventRounds "7"]
[EventCountry "GER"]
[SourceTitle "playchess.com"]
[Source "ChessBase"]
[SourceQuality "1"]
[TimeControl "40/5400+30:1800+30"]

1. e4 e5 2. Nf3 Nc6 3. Bc4 d6 4. d3 h6 5. Nbd2 a6 6. c3 Nf6 7. Qe2 Na5 8. Bb3 Nxb3 9. axb3 Qe7 10. Nf1 g5 11. Ng3 Rg8 12. Be3 d5 13. b4 b6 14. Bd2 g4 15. Nh4 h5 16. O-O dxe4 17. dxe4 Bb7 18. Nhf5 Qe6 19. b5 Nxe4 20. Nxe4 Qxf5 21. Ng3 Qe6 22. bxa6 Bd5 23. Rfe1 Bd6 24. Nxh5 Kd7 25. Qb5+ Bc6 26. Qd3 Rh8 27. Ng7 Qf6 28. Qf5+ Qxf5 29. Nxf5 Ke6 30. Nh6 Rh7 31. b3 g3 32. fxg3 Bc5+ 33. Kh1 Rah8 34. Ng4 Kd7 35. a7 Kc8 36. b4 Ba8 37. b5 Bd6 38. Kg1 f5 39. Nh6 f4 40. Ng4 fxg3 41. hxg3 e4 42. Bf4 Bxf4 43. gxf4 Rh4 44. Ne5 Rg8 45. Rxe4 Rxg2+ 46. Kxg2 Bxe4+ 47. Kg3 Rh1 48. a8=Q+ Bxa8 49. Rxa8+ Kb7 50. Ra2 Rc1 51. Rf2 Rxc3+ 52. Kg4 Rb3 53. Kg5 Rxb5 54. f5 Rd5 55. Ng6 b5 1-0

[Event "Germany Countries-chT Youth 2022"]
[Site "Wiesbaden"]
[Date "2022.10.02"]
[Round "4"]
[White "Pflugradt, Natalie"]
[Black "Voigt, Anastasia"]
[Result "0-1"]
[ECO "C54"]
[WhiteElo "1518"]
[BlackElo "1772"]
[Annotator "NA RC COMBH"]
[PlyCount "158"]
[EventDate "2022.09.28"]
[EventType "team-tourn"]
[EventRounds "7"]
[EventCountry "GER"]
[SourceTitle "playchess.com"]
[Source "ChessBase"]
[SourceQuality "1"]
[TimeControl "40/5400+30:1800+30"]

1. e4 e5 2. Nf3 Nc6 3. Bc4 Bc5 4. c3 Nf6 5. d4 exd4 6. cxd4 Bb4+ 7. Bd2 Bxd2+ 8. Nbxd2 d5 9. exd5 Nxd5 10. Qb3 Nce7 11. O-O O-O 12. Rfe1 c6 13. Ne4 Qc7 14. Rac1 Qb6 15. Qd3 Bf5 16. Qd2 Bxe4 17. Rxe4 Rad8 18. Rce1 Ng6 19. g3 Rd6 20. R4e2 Qd8 21. Ng5 h6 22. Ne4 Rd7 23. Nc5 Rc7 24. Bd3 Nge7 25. Be4 Nf6 26. Qf4 Nxe4 27. Qxe4 Nd5 28. Qf3 Nf6 29. Nb3 Qd5 30. Qc3 Rd8 31. Re5 Qd7 32. Qc5 b6 33. Qe7 Qxe7 34. Rxe7 Rxe7 35. Rxe7 Rd7 36. Rxd7 Nxd7 37. Kf1 Kf8 38. Ke2 Ke7 39. Ke3 Ke6 40. Nd2 Nf6 41. f3 Nd5+ 42. Ke2 Ne7 43. Kd3 Kd5 44. Nc4 Nf5 45. g4 Nd6 46. Ne3+ Ke6 47. h4 g6 48. Ng2 g5 49. h5 f5 50. Ne3 f4 51. Nd1 a6 52. Nc3 b5 53. b4 Nc4 54. Nd1 a5 55. bxa5 Nxa5 56. Nc3 Nc4 57. Nd1 Nb6 58. Ke4 Nd5 59. a3 Nb6 60. Nc3 Nc4 61. Nb1 Ne3 62. Nd2 Nd1 63. Kd3 Nb2+ 64. Kc3 Na4+ 65. Kd3 Nb6 66. Kc3 Kd5 67. Ne4 Nd7 68. Kd3 c5 69. dxc5 Ne5+ 70. Ke2 Kc4 71. Nd2+ Kxc5 72. Nb3+ Kc4 73. Nd2+ Kc3 74. Ne4+ Kb3 75. Nd6 Ka4 76. Nf5 Kxa3 77. Nxh6 b4 78. Nf5 Nf7 79. Kd2 b3 0-1

[Event "Germany Countries-chT Youth 2022"]
[Site "Wiesbaden"]
[Date "2022.10.02"]
[Round "4"]
[White "Dohon, Maria-Johanna"]
[Black "Alhassan, Jodi"]
[Result "1-0"]
[ECO "E16"]
[WhiteElo "1430"]
[BlackElo "1227"]
[Annotator "NA RC COMBH"]
[PlyCount "73"]
[EventDate "2022.09.28"]
[EventType "team-tourn"]
[EventRounds "7"]
[EventCountry "GER"]
[SourceTitle "playchess.com"]
[Source "ChessBase"]
[SourceQuality "1"]
[TimeControl "40/5400+30:1800+30"]

1. d4 Nf6 2. c4 e6 3. Nf3 b6 4. g3 Bb7 5. Bg2 Bb4+ 6. Bd2 Bxd2+ 7. Qxd2 O-O 8. Nc3 d5 9. cxd5 exd5 10. O-O Re8 11. Rac1 a6 12. Rc2 Nc6 13. a3 Na5 14. Qd1 Nc4 15. Qc1 Rc8 16. Bh3 Ra8 17. Qf4 Bc8 18. Bxc8 Rxc8 19. Rfc1 Qd7 20. Kg2 h6 21. Re1 Qd6 22. Qf5 Qe6 23. Qd3 Ng4 24. Nd1 Re7 25. h3 Nf6 26. Nc3 Rce8 27. Nxd5 Qxd5 28. Rxc4 g5 29. Kg1 Qe6 30. Kg2 Qd5 31. Kg1 Qe6 32. Kg2 Qd5 33. Rc2 h5 34. Kg1 g4 35. hxg4 hxg4 36. Nh4 Ne4 37. Rf1 1-0

[Event "Germany Countries-chT Youth 2022"]
[Site "Wiesbaden"]
[Date "2022.10.02"]
[Round "4"]
[White "Roessling, Laura Marie"]
[Black "Ignatova, Gabriela"]
[Result "1-0"]
[ECO "B48"]
[WhiteElo "1418"]
[BlackElo "1099"]
[Annotator "NA RC COMBH"]
[PlyCount "99"]
[EventDate "2022.09.28"]
[EventType "team-tourn"]
[EventRounds "7"]
[EventCountry "GER"]
[SourceTitle "playchess.com"]
[Source "ChessBase"]
[SourceQuality "1"]
[TimeControl "40/5400+30:1800+30"]

1. e4 c5 2. Nf3 e6 3. d4 cxd4 4. Nxd4 Nc6 5. Nc3 Qc7 6. Be3 Nf6 7. Bc4 a6 8. a3 b5 9. Ba2 Bb7 10. Qd2 Bc5 11. Nxe6 fxe6 12. Bxc5 Ne5 13. Bd6 Nxe4 14. Bxc7 Nxd2 15. Bxe5 Bxg2 16. Kxd2 Bxh1 17. Rxh1 d6 18. Bxg7 Rg8 19. Bd4 Ke7 20. Re1 Rg6 21. f4 Rf8 22. Nd5+ Kd7 23. Nb6+ Ke7 24. Kc3 a5 25. b4 a4 26. Nd5+ Kd7 27. Nf6+ Rfxf6 28. Bxf6 Rxf6 29. Kb2 Rxf4 30. Rxe6 h5 31. Rh6 Rh4 32. Be6+ Ke7 33. h3 Re4 34. Bf5 Rf4 35. Rxh5 Kf6 36. Bd3 Kg7 37. Bxb5 Rf6 38. Bxa4 Rh6 39. Rxh6 Kxh6 40. b5 Kg5 41. b6 Kf5 42. b7 Ke5 43. b8=Q Ke6 44. Qe8+ Kd5 45. c4+ Kxc4 46. Qe6+ Kd4 47. Kc2 d5 48. h4 Kc5 49. h5 d4 50. Qc6# 1-0

[Event "Germany Countries-chT Youth 2022"]
[Site "Wiesbaden"]
[Date "2022.10.02"]
[Round "4"]
[White "Huppert, Anna"]
[Black "Wylie, Leonard"]
[Result "1-0"]
[ECO "C02"]
[WhiteElo "1417"]
[BlackElo "1721"]
[Annotator "NA RC COMBH"]
[PlyCount "120"]
[EventDate "2022.09.28"]
[EventType "team-tourn"]
[EventRounds "7"]
[EventCountry "GER"]
[SourceTitle "playchess.com"]
[Source "ChessBase"]
[SourceQuality "1"]
[TimeControl "40/5400+30:1800+30"]

1. e4 e6 2. d4 d5 3. e5 c5 4. c3 Nc6 5. Nf3 Qb6 6. Be2 Nh6 7. Na3 Nf5 8. Nc2 Be7 9. O-O O-O 10. b3 cxd4 11. cxd4 g6 12. Bb2 f6 13. Rc1 fxe5 14. Nxe5 Nxe5 15. dxe5 Rf7 16. Ba3 Bg5 17. Rb1 Bd7 18. Kh1 Bf4 19. Bb2 Qc7 20. Re1 Bxe5 21. Bxe5 Qxe5 22. Bg4 Qg7 23. f4 Re8 24. g3 Nd6 25. Re5 Ne4 26. Qe1 h5 27. Bf3 Rf5 28. Bxe4 dxe4 29. Qc3 Rc8 30. Qb2 Rc5 31. Rxc5 Qxb2 32. Rc8+ Bxc8 33. Rxb2 Rd5 34. Ne3 Rd3 35. Re2 b6 36. Kg1 Kf7 37. Nc4 Rd1+ 38. Kf2 Bb7 39. Nd2 Ra1 40. a4 Ra2 41. Ke3 Kf6 42. Nxe4+ Bxe4 43. Rxa2 Bd5 44. Rb2 e5 45. fxe5+ Kxe5 46. b4 b5 47. axb5 Bc4 48. Rc2 Kd5 49. Rd2+ Ke6 50. Kf4 Bxb5 51. Kg5 Be8 52. Ra2 Kd5 53. Rxa7 Kd6 54. Ra5 Kc6 55. Kf6 Bd7 56. Kxg6 Bg4 57. Kf6 Kb6 58. Rc5 Be2 59. Ke5 Bg4 60. Kd6 Bf3 1-0

[Event "Germany Countries-chT Youth 2022"]
[Site "Wiesbaden"]
[Date "2022.10.02"]
[Round "4"]
[White "Kutz, Ida Klara"]
[Black "Halas, Neele Zoe"]
[Result "0-1"]
[ECO "A13"]
[WhiteElo "1411"]
[BlackElo "1392"]
[Annotator "NA RC COMBH"]
[PlyCount "100"]
[EventDate "2022.09.28"]
[EventType "team-tourn"]
[EventRounds "7"]
[EventCountry "GER"]
[SourceTitle "playchess.com"]
[Source "ChessBase"]
[SourceQuality "1"]
[TimeControl "40/5400+30:1800+30"]

1. c4 e6 2. Nc3 d5 3. cxd5 exd5 4. d4 c6 5. Nf3 Nf6 6. Bg5 Be7 7. e3 O-O 8. Bd3 Nbd7 9. O-O Re8 10. a3 h6 11. Bh4 Ne4 12. Bxe7 Qxe7 13. Qc2 Nxc3 14. Qxc3 Nf6 15. b4 Ne4 16. Qc2 Nf6 17. b5 Qd6 18. Ne5 Nd7 19. Bh7+ Kf8 20. bxc6 Nxe5 21. dxe5 Qxc6 22. Qxc6 bxc6 23. Bc2 Rxe5 24. Ba4 Bb7 25. Rab1 Re7 26. Rfc1 Rc8 27. Rc5 Rec7 28. Rbc1 Ke7 29. Bb3 Kd6 30. Kf1 Ba6+ 31. Ke1 Bc4 32. Bxc4 Kxc5 33. Ba6+ Kb6 34. Bxc8 Rxc8 35. Rb1+ Kc7 36. Rb4 c5 37. Rb2 Kc6 38. Kd2 Rc7 39. Kc3 Rb7 40. Re2 c4 41. Ra2 Rb3+ 42. Kc2 Kb5 43. a4+ Kb4 44. Ra1 a5 45. Rd1 Rc3+ 46. Kb2 Rd3 47. Rf1 Kxa4 48. Kc2 Kb4 49. Re1 a4 50. e4 d4 0-1

[Event "Germany Countries-chT Youth 2022"]
[Site "Wiesbaden"]
[Date "2022.10.02"]
[Round "4"]
[White "Modali, Nikhilamrutha"]
[Black "Gavrylyuk, Oleksandr"]
[Result "1/2-1/2"]
[ECO "B39"]
[WhiteElo "1355"]
[BlackElo "1263"]
[Annotator "NA RC COMBH"]
[PlyCount "83"]
[EventDate "2022.09.28"]
[EventType "team-tourn"]
[EventRounds "7"]
[EventCountry "GER"]
[SourceTitle "playchess.com"]
[Source "ChessBase"]
[SourceQuality "1"]
[TimeControl "40/5400+30:1800+30"]

1. e4 c5 2. Nf3 Nc6 3. d4 cxd4 4. Nxd4 g6 5. c4 Bg7 6. Be3 Nf6 7. Nc3 Ng4 8. Qxg4 Nxd4 9. Qd1 Ne6 10. Rc1 Qa5 11. a3 b6 12. Qd5 Qxd5 13. cxd5 Nc7 14. Bd3 d6 15. Rc2 Ba6 16. Be2 Bxe2 17. Nxe2 Na6 18. Bd4 O-O 19. Bxg7 Kxg7 20. b4 Rfc8 21. Rc6 Rxc6 22. dxc6 Rc8 23. b5 Nc7 24. a4 a6 25. Nc3 axb5 26. axb5 Ra8 27. Kd2 e6 28. Ke3 Kf6 29. Rd1 Ke7 30. Rb1 Ra3 31. Kd4 Kd8 32. f3 Ke7 33. h4 Ra8 34. Kc4 Kf6 35. f4 Ke7 36. g4 h6 37. f5 Rf8 38. Ra1 Ra8 39. Rd1 Rd8 40. Ra1 Ra8 41. Rb1 Rg8 42. Rf1 1/2-1/2

[Event "Germany Countries-chT Youth 2022"]
[Site "Wiesbaden"]
[Date "2022.10.02"]
[Round "4"]
[White "Czaeczine, Paula"]
[Black "Guo, Philipp Ziming"]
[Result "0-1"]
[ECO "B90"]
[WhiteElo "1322"]
[BlackElo "1851"]
[Annotator "NA RC COMBH"]
[PlyCount "106"]
[EventDate "2022.09.28"]
[EventType "team-tourn"]
[EventRounds "7"]
[EventCountry "GER"]
[SourceTitle "playchess.com"]
[Source "ChessBase"]
[SourceQuality "1"]
[TimeControl "40/5400+30:1800+30"]

1. e4 c5 2. Nf3 d6 3. d4 cxd4 4. Nxd4 Nf6 5. Nc3 a6 6. f3 e5 7. Nb3 Be7 8. Be3 Be6 9. Qd2 O-O 10. O-O-O Nbd7 11. g4 b5 12. Rg1 Nb6 13. g5 Nh5 14. Be2 Qc7 15. Kb1 Rfc8 16. Bxb6 Qxb6 17. Nd5 Bxd5 18. exd5 a5 19. Qd3 (19. Nc1 $15) 19... Rab8 20. Nd2 Nf4 21. Qe4 a4 22. Bd3 g6 23. Rde1 Qc5 24. Qe3 Qxe3 25. Rxe3 Nxd5 26. Ree1 Nf4 27. Ne4 Kg7 28. h4 d5 29. Nf2 Bc5 30. Rgf1 Bxf2 31. Rxf2 f6 32. Rd2 Kf7 33. c3 Ke6 34. Bf1 f5 35. Rd4 Kd6 36. Rb4 Rc5 37. Rd1 Kc6 38. Rc1 Re8 39. b3 axb3 40. axb3 e4 41. fxe4 fxe4 42. Kc2 Ne6 43. Kd2 Rf8 44. Be2 Rf4 45. Rh1 Rf2 46. Rf1 {[%emt 0:00:00] [#]} Rxe2+ $1 47. Kxe2 Rxc3 48. Rf6 Kc5 49. Rxe4 dxe4 50. Rxe6 Rxb3 51. Rxe4 (51. Re7 $142) 51... Rb4 52. Re8 Rxh4 53. Kd3 $19 Kb4 0-1

[Event "Germany Countries-chT Youth 2022"]
[Site "Wiesbaden"]
[Date "2022.10.02"]
[Round "4"]
[White "Struebel, Katharina"]
[Black "Rafikova, Ailin"]
[Result "1-0"]
[ECO "B92"]
[WhiteElo "1273"]
[BlackElo "1287"]
[Annotator "NA RC COMBH"]
[PlyCount "181"]
[EventDate "2022.09.28"]
[EventType "team-tourn"]
[EventRounds "7"]
[EventCountry "GER"]
[SourceTitle "playchess.com"]
[Source "ChessBase"]
[SourceQuality "1"]
[TimeControl "40/5400+30:1800+30"]

1. e4 c5 2. Nf3 d6 3. d4 cxd4 4. Nxd4 Nf6 5. Nc3 a6 6. Be2 e5 7. Nb3 Be7 8. O-O O-O 9. Be3 Be6 10. Na4 Nbd7 11. Qd3 Rc8 12. Rad1 Bc4 13. Qd2 Nxe4 14. Qe1 Bxe2 15. Qxe2 b5 16. Nb6 Nxb6 17. Bxb6 Nc3 18. bxc3 Qxb6 19. Rd3 Rc7 20. Rg3 Rfc8 21. Qg4 Bf6 22. Qf5 Rxc3 23. Kh1 Rxg3 24. Qxc8+ Qd8 25. Qxd8+ Bxd8 26. fxg3 h6 27. Rd1 Bc7 28. Kg1 Kf8 29. Kf2 Ke7 30. Kf3 Ke6 31. g4 Bb8 32. Nd2 Bc7 33. c4 b4 34. Rb1 a5 35. Ne4 Bb6 36. Ng3 g6 37. h4 Bc7 38. h5 Bb6 39. hxg6 fxg6 40. Rh1 a4 41. Ne2 b3 42. axb3 a3 43. Nc3 Ba5 44. Na2 Bd2 45. b4 Kd7 46. Rd1 Bg5 47. c5 Be7 48. b5 Kc7 49. cxd6+ Bxd6 50. b6+ Kc6 51. Ke4 Bb8 52. Rc1+ Kxb6 53. Rb1+ Ka7 54. Rxb8 Kxb8 55. Kxe5 Kc7 56. Kf6 g5 57. Kg6 Kb6 58. Kxh6 Kc5 59. Kxg5 Kc4 60. Kf5 Kb3 61. g5 Kxa2 62. g6 Kb1 63. g7 a2 64. g8=Q a1=Q 65. Qb3+ Kc1 66. Qe3+ Kc2 67. Qe4+ Kb3 68. Qd5+ Kb4 69. Qb7+ Kc5 70. Qe7+ Kd5 71. Qe6+ Kc5 72. Qe5+ Qxe5+ 73. Kxe5 Kc6 74. g4 Kd7 75. Kf6 Ke8 76. Kg7 Ke7 77. g5 Ke8 78. g6 Ke7 79. Kh7 Kf8 80. g7+ Kf7 81. g8=Q+ Kf6 82. Qe8 Kf5 83. Kg7 Kf4 84. Kf6 Kg4 85. Ke5 Kf3 86. Kd4 Kf2 87. Kd3 Kf1 88. Qe2+ Kg1 89. Ke3 Kh1 90. Kf3 Kg1 91. Qg2# 1-0

[Event "Germany Countries-chT Youth 2022"]
[Site "Wiesbaden"]
[Date "2022.10.02"]
[Round "4"]
[White "Chandrasekher, Ritu"]
[Black "Abram, Kristina-Maria"]
[Result "1-0"]
[ECO "B01"]
[WhiteElo "1262"]
[BlackElo "1158"]
[Annotator "NA RC COMBH"]
[PlyCount "49"]
[EventDate "2022.09.28"]
[EventType "team-tourn"]
[EventRounds "7"]
[EventCountry "GER"]
[SourceTitle "playchess.com"]
[Source "ChessBase"]
[SourceQuality "1"]
[TimeControl "40/5400+30:1800+30"]

1. e4 d5 2. exd5 Qxd5 3. Nc3 Qa5 4. d4 c6 5. Nf3 Bf5 6. Bd3 Bg6 7. O-O Nf6 8. Ne5 Nbd7 9. Bf4 Nh5 10. Bd2 Qc7 11. Re1 e6 12. Qf3 Bd6 13. Bxg6 Nxe5 14. dxe5 hxg6 15. exd6 Qxd6 16. Rad1 Qe7 17. g3 O-O-O 18. Be3 Rxd1 19. Rxd1 Qc7 20. Ne4 f5 21. Nd6+ Kb8 22. Nc4 e5 23. Bc5 e4 24. Qa3 Kc8 25. Nd6+ 1-0